 Dungeon Sprint DCSS version 0.17-a0-1714-g35622ae (webtiles) character file.

12100000 ztt the Axe Maniac (level 27, -52/296 (298) HPs)
             Began as a Deep Dwarf Gladiator on Aug 23, 2015.
             Was the Champion of Makhleb.
             Killed from afar by a scourge (89 damage)
             ... with a poison arrow
             ... in the Dungeon (Sprint VIII: "Arena of Blood").
             The game lasted 00:04:01 (121 turns).

ztt the Axe Maniac (Deep Dwarf Gladiator)            Turns: 121, Time: 00:04:01

HP:   -52/296 (298) AC:  8    Str: 29    XL:     27
MP:   41/54         EV: 28    Int: 12    God:    Makhleb [******]
Gold: 0             SH:  0    Dex: 13    Spells: 0 memorised, 80 levels left

rFire  . . .     SeeInvis .     m - +∞ Axe of Woe
rCold  . . .     Clarity  .     b - +0 leather armour
rNeg   + . .     SustAt   .     (no shield)
rPois  .         Gourm    .     c - +0 helmet
rElec  .         Spirit   .     (no cloak)
rCorr  .         Warding  .     (no gloves)
rMut   .         NoTele   +     (no boots)
MR     ++++.                    (no amulet)
Stlth  +++++++++.               (no ring)
                                n - +30 ring of slaying

@: lethally poisoned (-52 -> -133), non-regenerating, diseased, incredibly
resistant to hostile enchantments, incredibly stealthy
A: damage resistance, recharge devices, negative energy resistance 1, sense
surroundings 3, slow healing 3
a: Device Recharging, Minor Destruction, Lesser Servant of Makhleb, Major
Destruction, Greater Servant of Makhleb, Renounce Religion


You were in the Dungeon.
You worshipped Makhleb.
Makhleb was exalted by your worship.
You were not hungry.

You visited 1 branch

Inventory:

Hand weapons
 a - a +0 war axe
 m - the +∞ Axe of Woe (weapon)
   (You found it in the Dungeon)
Missiles
 d - 3 throwing nets (quivered)
Armour
 b - a +0 leather armour (worn)
 c - a +0 helmet (worn)
Jewellery
 n - a +30 ring of slaying (left hand)
Magical devices
 e - a wand of heal wounds (5)
Scrolls
 l - a scroll of blinking
Potions
 g - a potion of curing
 h - a potion of heal wounds
 i - a potion of haste
 j - 2 potions of magic
 k - a potion of berserk rage
Comestibles
 f - a bread ration


   Skills:
 O Level 27 Fighting
 O Level 27 Axes
 O Level 27 Throwing
 O Level 27 Armour
 O Level 27 Dodging
 O Level 27 Stealth
 O Level 27 Unarmed Combat
 O Level 27 Spellcasting
 O Level 27 Invocations
 O Level 27 Evocations


You had 80 spell levels left.
You didn't know any spells.

Dungeon Overview and Level Annotations

Branches:
Dungeon (1/1)

Altars:
Makhleb

Annotations:
D The Defiler


Innate Abilities, Weirdness & Mutations

You are resistant to damage.
You can recharge devices by infusing magical energy.
You resist negative energy.
You passively map a large area around you.
You do not heal naturally.


Message History

The tyrant gestures wildly while chanting.
You hear a shout!
Unknown command.
You are too injured to fight recklessly!
Unknown command.
Unknown command.
You are too injured to fight recklessly!
The fleshlord shouts!
You chop the large abomination into pieces!!!!
You hew the large abomination savagely.
You destroy the large abomination!
You are engulfed in roaring flames.
* * * LOW HITPOINT WARNING * * *
x2 You feel very sick.
The meat berserker is engulfed in roaring flames.
You hear a shout!
The scourge throws poison arrow at you. The poison arrow hits you!
You are more poisoned.
You die...

,* *
X.....#)))).#.....
* * , ,
#......))_).......,
,
..D.X.))###)%.....,
, ,
,..W###†X).%..###..
, , ,
.....#X@)%...# ,, ,
,
,..X.L#).)%W..#..,
,, , ,
...X.§§§2....... ,
, , , ,
..XXX§§§§§S..... ,
, ...D.OO@§.......*
, , * ,*,
.O....§§§....S## ,
*
,....#O§.§....#..,
, *,
.............#,. *
, , *,
...##.#.o...... ,*,
, ** ,p.
.....o...... ,, ,
,,, # .C..#.....###
,, , *** , .....
M....., , , , ,, *


You could see an accursed, 4 tentacled monstrosities, a tyrant, a reaper, 2
eight-headed meat hydras, 2 scourges, a fleshlord, a large bag of meat (inner
flame), 3 large abominations, The Defiler (webbed), 2 dreads, 4 meat berserkers
and 2 bags of meat.

Vanquished Creatures
  Sigmund (D)
  6 hell beasts (D)
  6 greater mummies (D)
  3 great orbs of eyes (D)
  3 wraiths (D)
  Harold (D)
  8 vampire knights (D)
  27 ogres (D)
  3 liches (D)
  2 hydras (D)
  48 orcs (D)
  6 phantoms (D)
  2 hill giants (D)
  3 skeletal warriors (D)
  6 large abominations (D)
  4 small abominations (D)
  9 crawling corpses (D)
138 creatures vanquished.

Notes
Turn   | Place    | Note
--------------------------------------------------------------
     0 | D        | ztt the Deep Dwarf Gladiator began the quest for the Orb.
     0 | D        | Reached XP level 1. HP: 19/19 MP: 1/1
     4 | D        | Became a worshipper of Makhleb the Destroyer
     5 | D        | Noticed a meat berserker
     5 | D        | Noticed a bag of meat
     5 | D        | Noticed a meat berserker
     6 | D        | Killed a meat berserker
     6 | D        | Reached skill level 11 in Fighting
     6 | D        | Reached skill level 21 in Axes
     6 | D        | Reached XP level 2. HP: 23/44 MP: 2/2
     6 | D        | Reached XP level 3. HP: 26/51 MP: 3/3
     6 | D        | Reached XP level 4. HP: 30/60 MP: 4/4
     6 | D        | Reached XP level 5. HP: 33/66 MP: 5/5
     6 | D        | Reached XP level 6. HP: 37/74 MP: 6/6
     6 | D        | Reached XP level 7. HP: 40/81 MP: 7/7
     6 | D        | Reached XP level 8. HP: 44/90 MP: 8/8
     6 | D        | Gained mutation: You passively map the area around you. [Deep Dwarf growth]
     6 | D        | Reached XP level 9. HP: 47/97 MP: 9/9
     6 | D        | Reached XP level 10. HP: 50/104 MP: 10/10
     6 | D        | Reached XP level 11. HP: 53/111 MP: 11/11
     6 | D        | Reached XP level 12. HP: 57/120 MP: 12/12
     6 | D        | Reached XP level 13. HP: 60/127 MP: 13/13
     7 | D        | Noticed a bag of meat
     7 | D        | Noticed a bag of meat
     7 | D        | Killed a bag of meat
     7 | D        | Acquired Makhleb's first power
     7 | D        | Reached skill level 23 in Axes
     9 | D        | Noticed a bag of meat
     9 | D        | Noticed a meat berserker
     9 | D        | Killed a meat berserker
     9 | D        | Reached skill level 26 in Axes
     9 | D        | Gained mutation: You resist negative energy. [Deep Dwarf growth]
     9 | D        | Reached XP level 14. HP: 63/141 MP: 14/14
    11 | D        | Noticed a bag of meat
    11 | D        | Killed a meat berserker
    11 | D        | Acquired Makhleb's second power
    11 | D        | Reached skill level 27 in Axes
    11 | D        | Reached skill level 27 in Dodging
    11 | D        | Reached XP level 15. HP: 66/159 MP: 15/15
    12 | D        | Noticed a bag of meat
    13 | D        | Noticed a bag of meat
    13 | D        | Noticed a bag of meat
    14 | D        | Noticed a meat berserker
    14 | D        | Noticed a bag of meat
    15 | D        | Noticed a bag of meat
    15 | D        | Killed a bag of meat
    16 | D        | Noticed a meat berserker
    17 | D        | Killed a bag of meat
    17 | D        | Acquired Makhleb's third power
    17 | D        | Reached XP level 16. HP: 107/180 MP: 16/16
    17 | D        | Killed a bag of meat
    18 | D        | Noticed a bag of meat
    18 | D        | Killed a bag of meat
    18 | D        | Acquired Makhleb's fourth power
    19 | D        | Killed a meat berserker
    19 | D        | Reached XP level 17. HP: 197/205 MP: 17/17
    19 | D        | Killed a meat berserker
    19 | D        | Reached skill level 27 in Fighting
    19 | D        | Reached skill level 27 in Throwing
    19 | D        | Killed a bag of meat
    19 | D        | Acquired Makhleb's fifth power
    19 | D        | Reached skill level 5 in Unarmed Combat
    19 | D        | Reached skill level 5 in Spellcasting
    19 | D        | Gained mutation: You passively map a large area around you. [Deep Dwarf growth]
    19 | D        | Reached XP level 18. HP: 218/218 MP: 17/25
    21 | D        | Noticed a bag of meat
    21 | D        | Killed a bag of meat
    21 | D        | Reached skill level 10 in Invocations
    21 | D        | Reached skill level 10 in Evocations
    22 | D        | Noticed a meat berserker
    22 | D        | Noticed a bag of meat
    23 | D        | Noticed a meat berserker
    23 | D        | Killed a bag of meat
    24 | D        | Noticed a meat berserker
    25 | D        | Killed a bag of meat
    25 | D        | Reached skill level 15 in Stealth
    25 | D        | Reached skill level 10 in Spellcasting
    26 | D        | Noticed a bag of meat
    26 | D        | Noticed a bag of meat
    26 | D        | Noticed a meat berserker
    28 | D        | Killed a meat berserker
    28 | D        | Reached skill level 15 in Armour
    28 | D        | Reached XP level 19. HP: 226/226 MP: 18/35
    28 | D        | Killed a bag of meat
    28 | D        | Noticed a destroyer
    29 | D        | Noticed a bag of meat
    29 | D        | Noticed a bag of meat
    29 | D        | Killed a meat berserker
    30 | D        | Killed a meat berserker
    30 | D        | Reached XP level 20. HP: 236/236 MP: 18/40
    30 | D        | Killed a bag of meat
    31 | D        | Noticed a bag of meat
    31 | D        | Killed a meat berserker
    31 | D        | Killed a bag of meat
    32 | D        | Noticed a bag of meat
    32 | D        | Killed a destroyer
    32 | D        | Reached skill level 27 in Stealth
    32 | D        | Reached skill level 27 in Invocations
    32 | D        | Reached skill level 27 in Evocations
    32 | D        | Reached XP level 21. HP: 244/244 MP: 19/45
    33 | D        | Noticed a bag of meat
    33 | D        | Killed a bag of meat
    34 | D        | Noticed a bag of meat
    34 | D        | Killed a bag of meat
    35 | D        | Killed a bag of meat
    35 | D        | Reached skill level 27 in Armour
    36 | D        | Noticed a destroyer
    36 | D        | Killed a bag of meat
    37 | D        | Noticed a meat berserker
    37 | D        | Killed a bag of meat
    37 | D        | Reached XP level 22. HP: 254/254 MP: 20/50
    38 | D        | Killed a bag of meat
    38 | D        | Reached skill level 27 in Unarmed Combat
    38 | D        | Killed a bag of meat
    38 | D        | Reached skill level 27 in Spellcasting
    41 | D        | Noticed a bag of meat
    42 | D        | Noticed a destroyer
    42 | D        | Killed a meat berserker
    42 | D        | Killed a bag of meat
    43 | D        | Noticed a destroyer
    43 | D        | Noticed a destroyer
    45 | D        | Noticed a sculptor of flesh
    48 | D        | Killed a destroyer
    48 | D        | Reached XP level 23. HP: 262/262 MP: 22/54
    49 | D        | Noticed The Servant
    50 | D        | Killed a bag of meat
    51 | D        | Killed a destroyer
    53 | D        | Noticed a meat berserker
    53 | D        | Noticed a destroyer
    54 | D        | Noticed an accursed
    54 | D        | Killed a destroyer
    55 | D        | Killed a meat berserker
    55 | D        | Reached XP level 24. HP: 272/272 MP: 24/54
    56 | D        | Noticed a meat berserker
    56 | D        | Killed a destroyer
    57 | D        | Killed a destroyer
    58 | D        | Noticed a meat berserker
    59 | D        | Noticed a bag of meat
    59 | D        | Killed The Servant
    59 | D        | Reached XP level 25. HP: 269/280 MP: 25/54
    60 | D        | Noticed an accursed
    60 | D        | Noticed a bag of meat
    60 | D        | Noticed an accursed
    60 | D        | Noticed an accursed
    61 | D        | Killed an accursed
    61 | D        | Killed a meat berserker
    61 | D        | Reached XP level 26. HP: 290/290 MP: 26/54
    61 | D        | Noticed a bag of meat
    63 | D        | Noticed a meat berserker
    63 | D        | Killed a meat berserker
    64 | D        | Noticed a bag of meat
    64 | D        | Noticed a sculptor of flesh
    65 | D        | Noticed an accursed
    65 | D        | Killed a meat berserker
    65 | D        | Killed an accursed
    66 | D        | Noticed a meat berserker
    66 | D        | Killed a bag of meat
    67 | D        | Noticed a meat berserker
    68 | D        | Killed a meat berserker
    68 | D        | Reached XP level 27. HP: 274/296 MP: 28/54
    69 | D        | Noticed a meat berserker
    70 | D        | Noticed a dread
    70 | D        | Noticed a tyrant
    70 | D        | Killed a bag of meat
    71 | D        | Killed an accursed
    72 | D        | Noticed a meat berserker
    73 | D        | Noticed a meat berserker
    73 | D        | Noticed a meat berserker
    74 | D        | Noticed a meat berserker
    74 | D        | Noticed a meat beast
    74 | D        | Killed an accursed
    74 | D        | Killed a meat berserker
    74 | D        | Noticed a bag of meat
    75 | D        | Noticed a bag of meat
    75 | D        | Noticed a meat beast
    76 | D        | Noticed a bag of meat
    76 | D        | Killed a meat beast
    76 | D        | Killed a dread
    76 | D        | Killed a meat berserker
    77 | D        | Noticed a bag of meat
    77 | D        | Noticed a meat berserker
    77 | D        | Noticed a meat berserker
    77 | D        | Noticed a bag of meat
    77 | D        | Noticed a dread
    77 | D        | Killed a meat berserker
    79 | D        | Noticed a meat berserker
    79 | D        | Noticed a meat berserker
    79 | D        | Killed a meat berserker
    79 | D        | Killed a meat berserker
    80 | D        | Killed a bag of meat
    80 | D        | Killed a bag of meat
    80 | D        | Noticed a bag of meat
    81 | D        | Noticed a bag of meat
    81 | D        | Noticed a bag of meat
    82 | D        | Noticed a meat beast
    82 | D        | Noticed a destroyer
    82 | D        | Killed a sculptor of flesh
    83 | D        | Noticed a bag of meat
    83 | D        | Noticed a bag of meat
    83 | D        | Noticed a sculptor of flesh
    83 | D        | Killed a bag of meat
    83 | D        | Noticed a large bag of meat
    84 | D        | Noticed a bag of meat
    84 | D        | Killed a meat berserker
    84 | D        | Killed a meat berserker
    85 | D        | Noticed a bag of meat
    85 | D        | Killed a meat beast
    85 | D        | Killed a wretched soul
    86 | D        | Noticed a bag of meat
    86 | D        | Noticed a meat beast
    86 | D        | Killed a meat berserker
    87 | D        | Noticed The Captor
    87 | D        | Killed a meat berserker
    87 | D        | Killed a dread
    88 | D        | Noticed a meat berserker
    88 | D        | Killed a tyrant
    88 | D        | Killed a bag of meat
    89 | D        | Killed a bag of meat
    90 | D        | Noticed a destroyer
    90 | D        | Noticed a bag of meat
    90 | D        | Noticed a bag of meat
    90 | D        | Killed a bag of meat
    90 | D        | Killed a destroyer
    91 | D        | Noticed a bag of meat
    91 | D        | Noticed a meat beast
    91 | D        | Killed a bag of meat
    91 | D        | Killed a bag of meat
    91 | D        | Killed a bag of meat
    92 | D        | Noticed a meat beast
    92 | D        | Killed a bag of meat
    92 | D        | Killed a destroyer
    92 | D        | Killed an accursed
    92 | D        | Killed a meat beast
    92 | D        | Noticed a bag of meat
    93 | D        | Noticed a bag of meat
    93 | D        | Noticed a tyrant
    93 | D        | Killed a large bag of meat
    94 | D        | Noticed a bag of meat
    94 | D        | Noticed a sculptor of flesh
    94 | D        | Killed a bag of meat
    94 | D        | Killed a meat berserker
    94 | D        | Killed a bag of meat
    94 | D        | Killed a wretched soul
    95 | D        | Noticed a bag of meat
    95 | D        | Noticed a dread
    95 | D        | Killed a bag of meat
    95 | D        | Killed a meat beast
    96 | D        | Killed a meat beast
    97 | D        | Noticed a bag of meat
    99 | D        | Killed a wretched soul
    99 | D        | Killed a bag of meat
   100 | D        | Killed a bag of meat
   100 | D        | Killed a meat beast
   100 | D        | Killed The Captor
   100 | D        | Noticed a tyrant
   101 | D        | Noticed The Defiler
   101 | D        | Killed a bag of meat
   102 | D        | Noticed an accursed
   102 | D        | Noticed a tyrant
   102 | D        | Killed a bag of meat
   102 | D        | Killed an observer
   103 | D        | Killed a meat berserker
   103 | D        | Killed a bag of meat
   103 | D        | Killed a bag of meat
   103 | D        | Killed a sculptor of flesh
   105 | D        | Killed a bag of meat
   105 | D        | Killed an observer
   106 | D        | Killed a bag of meat
   107 | D        | Killed a bag of meat
   107 | D        | Killed a wretched soul
   107 | D        | Killed a wretched soul
   108 | D        | Noticed a large bag of meat
   109 | D        | Killed a dread
   109 | D        | Killed an observer
   110 | D        | Noticed a bag of meat
   110 | D        | Killed a tyrant
   110 | D        | Killed a tyrant
   111 | D        | Killed a bag of meat
   112 | D        | Killed a sculptor of flesh
   113 | D        | Noticed a dread
   114 | D        | Killed an accursed
   114 | D        | Killed a wretched soul
   116 | D        | Noticed a meat berserker
   117 | D        | Noticed a meat berserker
   117 | D        | Noticed an accursed
   117 | D        | Noticed a meat berserker
   117 | D        | Noticed a meat berserker
   118 | D        | Noticed a bag of meat
   118 | D        | Noticed a bag of meat
   118 | D        | Killed a large bag of meat
   119 | D        | Noticed a large bag of meat
   119 | D        | Killed a bag of meat
   119 | D        | Killed a bag of meat
   120 | D        | Noticed a dread
   120 | D        | Noticed a meat berserker
   120 | D        | Killed a meat berserker
   121 | D        | Noticed a fleshlord
   121 | D        | Killed from afar by a scourge

Vault maps used:
D:        meatsprint

Action                   |  1- 3 |  4- 6 |  7- 9 | 10-12 | 13-15 | 16-18 | 19-21 | 22-24 | 25-27 || total
-------------------------+-------+-------+-------+-------+-------+-------+-------+-------+-------++-------
Melee: Executioner's axe |     1 |       |       |       |     5 |     6 |     9 |    10 |    48 ||    79
